 Dungeon Crawl Stone Soup version 0.31-a0-202-g547052bce9 (webtiles) character file.

Game seed: 5467130932341789109

226 qw the Skirmisher (level 5, 0/29 HPs)
             Began as a Deep Elf Hunter on June 26, 2023.
             Slain by an iguana (7 damage)
             ... on level 4 of the Dungeon.
             The game lasted 00:00:51 (2988 turns).

qw the Skirmisher (Deep Elf Hunter)                 Turns: 2988, Time: 00:00:51

Health: 0/29       AC: 14    Str: 10    XL:     5   Next: 69%
Magic:  7/7        EV:  9    Int: 14    God:
Gold:   207        SH:  0    Dex: 18    Spells: 4/4 levels left

rFire   + . .        Y - +0 shortbow
rCold   + . .        (shield currently unavailable)
rNeg    . . .        a - +7 Kryia's mail coat {PotionHeal*2 rC+}
rPois   .            e - +0 helmet
rElec   .            (no cloak)
rCorr   .            (no gloves)
SInv    .            (no boots)
Will    .....        (no amulet)
Stlth   +            h - ring of protection from fire
HPRegen 0.24/turn    (no ring)
MPRegen 0.10/turn

%: no passive effects
@: about to teleport
A: no striking features
a: no special abilities


You were on level 4 of the Dungeon.
You visited 1 branch of the dungeon, and saw 4 of its levels.

You collected 207 gold pieces.


   Skills:
 - Level 1.5 Fighting
 - Level 9.3 Ranged Weapons
 + Level 0.0 Armour
 - Level 2.4 Dodging
 - Level 1.2 Stealth


You had 4 spell levels left.
You didn't know any spells.
Your spell library was empty.

Inventory:

Hand Weapons
 Y - a +0 shortbow (weapon)
Armour
 a - the +7 Kryia's mail coat (worn) {PotionHeal*2 rC+}
   (You acquired it on level 1 of the Dungeon)

   PotionHeal*2: Potions heal its wearer twice as much.
   rC:        It protects you from cold.
 e - a +0 helmet (worn)
Jewellery
 h - a ring of protection from fire (left hand)
Scrolls
 c - a scroll of teleportation
 f - a scroll of identify
 g - a scroll of vulnerability {unknown}
Potions
 b - a potion of curing {unknown}
 d - a potion of might {unknown}

Dungeon Overview and Level Annotations

Branches:
Dungeon (4/15)
 Temple: D:4-7

Altars:
Fedhas
Uskayaw
Wu Jian
Zin


Message History

You shoot an arrow. The arrow hits the black bear.
The black bear is severely wounded.
The black bear closely misses you.
The black bear claws you but does no damage.
The black bear claws you.
You shoot an arrow. The arrow barely misses the black bear.
The black bear bites you but does no damage.
The black bear claws you but does no damage.
The black bear barely misses you.
You shoot an arrow. The arrow hits the black bear.
The black bear is severely wounded.
The black bear bites you but does no damage.
The black bear completely misses you.
The black bear claws you but does no damage.
The black bear bites you. The black bear closely misses you.
The black bear claws you but does no damage.
The iguana hisses menacingly.
You shoot an arrow. The arrow hits the black bear.
The black bear is almost dead.
The black bear bites you.
The black bear claws you but does no damage.
The black bear claws you.
You shoot an arrow. The arrow hits the black bear.
You kill the black bear!
The iguana closely misses you.
Your Ranged Weapons skill increases to level 9!
You have reached level 5!
You shoot an arrow. The arrow closely misses the iguana.
The iguana closely misses you. x2
You shoot an arrow. The arrow hits the iguana!
The iguana is heavily wounded.
The iguana barely misses you.
You shoot an arrow. The arrow hits the iguana.
The iguana is severely wounded.
The iguana bites you.
2988 ||| READING 2 scrolls of teleportation.
As you read the scroll of teleportation, it crumbles to dust.
You feel strangely unstable. The iguana bites you!
You die...

+....+... ..#......
#....#... .........
#..[.#... ........#
#....#... ........#
#+#+##....#+##
........###.#.###.......
.....................>..
.##.%..l....#.##........
.......@#.....##........
......%.......##....#...
..............##....#...
..............##....#...
.....#........##....#...
.....%......#.......#...
............#.......#...
.........#..#...##+.....
#......#....... +..


You could see an iguana.

Vanquished Creatures
  A black bear (D:4)
  A jelly (D:2)
  4 adders
  A worm (D:2)
  2 dart slugs
  6 ball pythons
  3 endoplasms
  2 giant cockroaches
  5 goblins
  5 hobgoblins
  6 jackals
  3 quokkas (D:2)
  4 bats
  2 frilled lizards (D:2)
  5 kobolds
  10 rats
60 creatures vanquished.

Notes
Turn   | Place    | Note
-------+----------+-------------------------------------------
     0 | D:1      | qw the Deep Elf Hunter began the quest for the Orb.
     0 | D:1      | Reached XP level 1. HP: 12/12 MP: 3/3
     0 | D:1      | 0 ||| qw: Version: 0.3-a-22-g0ed2b0b
     0 | D:1      | 0 ||| qw: Game counter: 5783
     0 | D:1      | 0 ||| qw: Melee chars always use a shield: true
     0 | D:1      | 0 ||| qw: God list: Okawaru
     0 | D:1      | 0 ||| qw: Allow faded altars: false
     0 | D:1      | 0 ||| qw: Do Orc after clearing Dungeon:15 true
     0 | D:1      | 0 ||| qw: Do second Lair branch before Depths: true
     0 | D:1      | 0 ||| qw: Lair rune preference: random
     0 | D:1      | 0 ||| qw: Goals: Normal
     0 | D:1      | 0 ||| PLANNING D:1-11
    38 | D:1      | Found a faded altar of an unknown god.
   174 | D:1      | Reached XP level 2. HP: 16/16 MP: 4/4
   182 | D:1      | Reached skill level 6 in Ranged Weapons
   937 | D:1      | 937 ||| UPGRADING to +0 helmet.
   942 | D:1      | 942 ||| UPGRADING to +0 ring mail.
   952 | D:1      | 952 ||| DROPPING +0 leather armour.
   953 | D:1      | 953 ||| READING scroll labelled DUKLYK UMORPH.
   954 | D:1      | 954 ||| READING scroll labelled SERCHA INGENG.
   954 | D:1      | Identified a scroll of acquirement
   954 | D:1      | 954 ||| ACQUIRING +7 Kryia's mail coat {PotionHeal*2 rC+}
   954 | D:1      | Acquired the +7 Kryia's mail coat {PotionHeal*2 rC+}
   954 | D:1      | Found the +7 Kryia's mail coat {PotionHeal*2 rC+}
   956 | D:1      | 956 ||| UPGRADING to +7 Kryia's mail coat {PotionHeal*2
                  | rC+}.
   966 | D:1      | 966 ||| DROPPING +0 ring mail.
   967 | D:1      | 967 ||| READING scroll labelled YGRAJU WAUGU.
   968 | D:1      | 968 ||| READING scroll labelled CEADDA MUWNE.
   973 | D:1      | 973 ||| DROPPING scroll of butterflies.
  1077 | D:2      | Reached XP level 3. HP: 20/20 MP: 5/5
  1219 | D:2      | Reached skill level 7 in Ranged Weapons
  1264 | D:2      | Reached XP level 4. HP: 25/25 MP: 6/6
  1447 | D:2      | Found a glowing silver altar of Zin.
  1827 | D:2      | 1827 ||| READING scroll labelled UTE CIUXUUXA.
  2019 | D:3      | Found an ornate altar of the Wu Jian Council.
  2164 | D:3      | Found a hide-covered altar of Uskayaw.
  2220 | D:3      | Reached skill level 8 in Ranged Weapons
  2339 | D:3      | Found a blossoming altar of Fedhas.
  2906 | D:3      | 2906 ||| DROPPING amulet of magic regeneration.
  2907 | D:3      | 2907 ||| UPGRADING to ring of protection from fire.
  2908 | D:3      | 2908 ||| READING scroll labelled ESOKEU SIULA.
  2909 | D:3      | 2909 ||| READING scroll labelled LITUAFR ZOFU.
  2910 | D:3      | 2910 ||| DRINKING 2 bubbling blue potions.
  2911 | D:3      | 2911 ||| DROPPING potion of brilliance.
  2974 | D:4      | Noticed a black bear
  2984 | D:4      | Killed a black bear
  2985 | D:4      | Reached skill level 9 in Ranged Weapons
  2985 | D:4      | Reached XP level 5. HP: 11/29 MP: 7/7
  2987 | D:4      | HP: 7/29 [iguana (5)]
  2988 | D:4      | 2988 ||| READING 2 scrolls of teleportation.
  2988 | D:4      | Slain by an iguana

Levels and vault maps discovered:
D:1:      noname_arrival_rooms_in_the_neighbourhood, layout_basic,
          shapermc_ecumenical_altar_gd, minivault_23, grunt_decor_cap,
          chequers_mini_garden, solitary_fountain
D:2:      layout_loops_corners, basic_altar
D:3:      layout_basic, amcnicky_altar_gilded, marbit_many_paths,
          nicolae_wu_jian_wuxing_cycle, chequers_serial_rivers_large_a
D:4:      layout_basic, item_on_display_a

Skill      XL: |  1  2  3  4 |
---------------+-------------+-----
Ranged Weapons | 6 7 9 |  9.3
Fighting       | |  1.5
Dodging        | |  2.4
Stealth        | |  1.2

Action                     |  1- 3 |  4- 6 || total
---------------------------+-------+-------++-------
   Fire: Shortbow          |    67 |    85 ||   152
    Use: Scroll            |     4 |     4 ||     8
         Potion            |       |     1 ||     1
 Armour: Scale mail        |    10 |    24 ||    34
  Dodge: Dodged            |    11 |    20 ||    31

Table legend:
 A = Non-vault XP
 B = Vault XP
 C = Vault XP percentage of total XP
 D = Non-vault monster count
 E = Vault monster count
 F = Vault count percentage of total count
                 A         B        C        D         E       F
            +---------+---------+-------+---------+---------+-------
      Total |     321 |       2 |   0.6 |      59 |       1 |   1.7
            +---------+---------+-------+---------+---------+-------
        D:1 |      25 |       0 |   0.0 |      14 |       0 |   0.0
        D:2 |      83 |       0 |   0.0 |      18 |       0 |   0.0
        D:3 |      72 |       2 |   2.7 |      23 |       1 |   4.2
        D:4 |     141 |       0 |   0.0 |       4 |       0 |   0.0
            +---------+---------+-------+---------+---------+-------
